 Dungeon Crawl Stone Soup version 0.30-a0-341-g682706514a (webtiles) character file.

Game seed: 1692707516096191790

99 p00ps00p the Stinger (level 4, 0/40 HPs)
             Began as a Hill Orc Fighter on Nov 1, 2022.
             Slain by an orc
             ... wielding a +0 flail
              (6 damage)
             ... on level 3 of the Dungeon.
             The game lasted 00:09:29 (1859 turns).

p00ps00p the Stinger (Hill Orc Fighter)             Turns: 1859, Time: 00:09:29

Health: 0/40       AC: 10    Str: 24    XL:     4   Next: 72%
Magic:  4/4        EV:  7    Int:  8    God:
Gold:   132        SH:  6    Dex: 23    Spells: 3/3 levels left

rFire   . . .      SeeInvis .    a - +0 war axe
rCold   . . .      Faith    .    c - +0 buckler
rNeg    . . .      Spirit   .    i - +1 chain mail of Dim Light {Dex+7 Slay+3}
rPois   .          Reflect  .    (no helmet)
rElec   .          Harm     .    (no cloak)
rCorr   .          Rampage  .    (no gloves)
Will    .....                    (no boots)
Stlth   ..........               (no amulet)
HPRegen 0.26/turn                h - ring of the Death Scarab {Wiz Str+6 Dex+4}
MPRegen 0.09/turn                (no ring)

@: studying Poison Magic
A: no striking features
a: Convert to Beogh


You were on level 3 of the Dungeon.
You visited 1 branch of the dungeon, and saw 3 of its levels.

You collected 132 gold pieces.

Inventory:

Hand Weapons
 a - a +0 war axe (weapon)
Armour
 b - a +0 scale mail
 c - a +0 buckler (worn)
 i - the +1 chain mail of Dim Light (worn) {Dex+7 Slay+3}
   (You found it on level 2 of the Dungeon)

   Dex:       It affects your dexterity (+7).
   Slay:      It affects your accuracy & damage with ranged weapons and melee
   (+3).
Jewellery
 h - the ring of the Death Scarab (left hand) {Wiz Str+6 Dex+4}
   (You acquired it on level 1 of the Dungeon)

   [ring of wizardry]

   It improves your spell success rate.
   Str:       It affects your strength (+6).
   Dex:       It affects your dexterity (+4).
Scrolls
 j - a scroll of fear {unknown}
 l - a scroll of butterflies {unknown}
 n - a scroll of identify {unknown}
Potions
 d - a potion of degeneration {unknown}
 e - a potion of heal wounds {unknown}
 f - 2 potions of haste {unknown}
 g - 2 potions of curing {unknown}
 k - 2 potions of brilliance {unknown}
 m - a potion of attraction {unknown}


   Skills:
 + Level 3.8 Fighting
 + Level 3.0 Axes
 + Level 3.4 Armour
 + Level 3.4 Shields
 - Level 5.0 Poison Magic


You had 3 spell levels left.
You didn't know any spells.
Your spell library contained the following spells:

 Spells                   Type           Power      Damage    Failure   Level
 Sublimation of Blood     Necr           0%         N/A       91%         2
 Wereblood                Tmut           0%         N/A       91%         2
 Ozocubu's Armour         Ice            0%         N/A       99%         3
 Fireball                 Conj/Fire      0%         3d3       100%        5
 Iskenderun's Battlesphe  Conj           0%         2d6       100%        5
 Conjure Ball Lightning   Conj/Air       0%         3x3d7     100%        6
 Orb of Destruction       Conj           0%         9d5       100%        7
 Ozocubu's Refrigeration  Ice            0%         4d7       100%        7
 Summon Hydra             Summ           0%         N/A       100%        7


Dungeon Overview and Level Annotations

Branches:
Dungeon (3/15)

Altars:


Message History

The orc priest is lightly wounded.
You hit the orc. You closely miss the orc.
The orc priest shouts, "Join the one true god or die!"
You block the orc's attack. The orc hits you with a +0 flail.
A kobold comes into view. It is wielding a +0 whip.
The orc priest hits you with a +0 whip. The orc hits you but does no damage.
The kobold shouts!
You hit the orc priest.
The orc priest is heavily wounded.
The orc priest shouts, "Surrender to Beogh and we'll let you live!"
You hit the orc. x2
You kill the orc!
The orc priest hits you with a +0 whip. The orc hits you but does no damage.
Your Axes skill increases to level 3!
You barely miss the orc priest.
The orc priest is heavily wounded.
You hit the orc. You block the orc priest's attack.
The orc hits you with a +0 flail.
The kobold hits you with a +0 short sword.
The orc priest shouts, "Surrender to Beogh and we'll let you live!"
The orc priest hits you with a +0 whip. You block the orc's attack.
You hit the orc priest.
The orc priest is severely wounded.
You closely miss the kobold. You closely miss the orc.
The orc priest threatens, "By the altar or by the axe, you will meet Beogh!"
The orc priest hits you with a +0 whip. The orc closely misses you.
The kobold closely misses you. The kobold attacks as you move away!
You block the kobold's attack.
The orc priest hits you but does no damage.
You hit the orc but do no damage.
The orc is heavily wounded.
You closely miss the orc priest.
The orc priest begins to cast a cantrip, but forgets the words!
The orc hits you with a +0 flail. The kobold hits you but does no damage.
You block the kobold's attack.
The orc priest calls down the wrath of Beogh upon you.
Beogh smites you!
* * * LOW HITPOINT WARNING * * *
The orc hits you with a +0 flail.
You die...

########
###......#
.##........#
......!....#
.#.........#
......)....#
......ooK..##
#.?.###K@....# #.
#.."....#
##.####.......#
.###....#........#
#................#
...........######
###.......#
#.......#
#.......#


You could see an orc priest, an orc and 2 kobolds.

Vanquished Creatures
  3 adders
  A worm (D:3)
  3 dart slugs
  2 orcs (D:3)
  8 ball pythons
  8 endoplasms
  4 giant cockroaches
  2 goblins (D:1)
  5 hobgoblins
  4 jackals (D:2)
  3 quokkas (D:1)
  2 bats
  2 frilled lizards
  3 kobolds
  6 rats
56 creatures vanquished.

Notes
Turn   | Place    | Note
-------+----------+-------------------------------------------
     0 | D:1      | p00ps00p the Hill Orc Fighter began the quest for the Orb.
     0 | D:1      | Reached XP level 1. HP: 19/19 MP: 1/1
    93 | D:1      | Reached skill level 1 in Poison Magic
   100 | D:1      | Reached XP level 2. HP: 25/27 MP: 2/2
   154 | D:1      | Reached skill level 2 in Poison Magic
   289 | D:1      | Reached skill level 3 in Poison Magic
   289 | D:1      | Reached XP level 3. HP: 31/33 MP: 3/3
   811 | D:1      | Identified a scroll of acquirement
   811 | D:1      | Acquired the ring of the Death Scarab {Wiz Str+6 Dex+4}
   892 | D:2      | Reached skill level 4 in Poison Magic
  1085 | D:2      | Reached XP level 4. HP: 39/40 MP: 4/4
  1440 | D:2      | Identified the +1 chain mail of Dim Light {Dex+7 Slay+3}
  1747 | D:3      | Reached skill level 5 in Poison Magic
  1859 | D:3      | Slain by an orc

Illustrated notes

Levels and vault maps discovered:
D:1:      psy_arrival_conway, layout_basic, hex_intersection,
          minmay_indecisive_spiral
D:2:      layout_basic, minmay_misc_feat_secret_circle
D:3:      layout_rooms, gammafunk_ghost_arena

Skill      XL: |  1  2  3  4 |
---------------+-------------+-----
Poison Magic   | 1 3 4 5 |  5.0
Axes           | 3 |  3.0
Fighting       | |  3.8
Armour         | |  3.4
Shields        | |  3.4

Action                   |  1- 3 |  4- 6 || total
-------------------------+-------+-------++-------
Melee: War axe           |    86 |    41 ||   127
  Use: Scroll            |     4 |       ||     4
       Potion            |     1 |       ||     1
Armor: Scale mail        |    50 |    14 ||    64
       Chain mail        |       |    14 ||    14
Dodge: Dodged            |    56 |    25 ||    81
Block: Buckler           |    21 |    18 ||    39

Table legend: (Time is in decaauts)
 A = Elapsed time spent in this place.
 B = Non-inter-level travel time spent in this place.
 C = Inter-level travel time spent in this place.
 D = Time resting spent in this place.
 E = Time spent auto-exploring this place.
 F = Levels seen in this place.
 G = Mean time per level.
                   A        B        C        D        E       F      G
               +--------+--------+--------+--------+--------+-----+--------+
         Total |   1912 |   1813 |     99 |     34 |   1251 |   3 |  637.3 |
       Dungeon |   1912 |   1813 |     99 |     34 |   1251 |   3 |  637.3 |
               +--------+--------+--------+--------+--------+-----+--------+

Top non-repeatable levels by time:
     D:1: 899 daAuts
     D:2: 836 daAuts
     D:3: 176 daAuts
